 Dungeon Crawl Stone Soup version 0.20.0-14-g326068f (webtiles) character file.

17281 Gargoyl the Cleaver (level 12, -1/104 HPs)
             Began as a Yellow Draconian Abyssal Knight on June 9, 2017.
             Was a High Priest of Lugonu.
             Slain by a centaur warrior (8 damage)
             ... on level 11 of the Dungeon.
             The game lasted 00:29:04 (16018 turns).

Gargoyl the Cleaver (DrAK)                         Turns: 16018, Time: 00:29:05

Health: -1/104     AC: 17    Str: 17 (18) XL:     12   Next: 17%
Magic:  18/18      EV: 17    Int: 13      God:    Lugonu [*****.]
Gold:   857        SH:  0    Dex: 13 (14) Spells: 11/11 levels left

rFire    . . .     SeeInvis +   e - +6 battleaxe (flame)
rCold    . . .     Gourm    .   (shield currently unavailable)
rNeg     . . .     Faith    .   (armour unavailable)
rPois    .         Spirit   .   A - +1 hat {SInv}
rElec    .         Reflect  .   (no cloak)
rCorr    +         Harm     .   (no gloves)
MR       +....                  q - +2 pair of boots
Stlth    +++.......             (no amulet)
Regen    0.3/turn               n - ring of protection from magic
MPRegen  0.2/turn               o - +5 ring of protection

@: short of breath, flying, drained
A: spit acid, acid resistance, unfitting armour, big wings, talons 1, strong 1,
cold-blooded, AC +8
a: Breathe Acid, Stop Flying, Depart the Abyss, Bend Space, Banish, Corrupt,
Enter the Abyss, Renounce Religion


You were on level 11 of the Dungeon.
You worshipped Lugonu.
Lugonu was extremely pleased with you.
You were not hungry.

You visited 1 branch of the dungeon, and saw 11 of its levels.
You visited the Abyss 1 time.

You collected 857 gold pieces.

Inventory:

Hand Weapons
 a - a +1 hand axe
 e - a +6 battleaxe of flaming (weapon)
 z - a cursed +4 trident
 H - a +0 battleaxe of chopping
Missiles
 C - 3 tomahawks (quivered)
Armour
 q - a +2 pair of boots (worn)
 A - a +1 hat of see invisible (worn)
Jewellery
 n - a ring of protection from magic (left hand)
 o - a +5 ring of protection (right hand)
Wands
 c - a wand of iceblast (4/15)
 r - a wand of acid (3/15)
 v - a wand of random effects (26/48)
 y - a wand of flame (37/48)
 D - a wand of scattershot (5/9)
 F - a wand of polymorph (15/24)
Scrolls
 d - 10 scrolls of identify
 h - 2 scrolls of amnesia
 i - 5 scrolls of remove curse
 l - 5 scrolls of teleportation
 u - 3 scrolls of fear
 G - a scroll of blinking
Potions
 f - a potion of ambrosia
 m - 2 potions of flight
 p - 5 potions of curing
 s - a potion of lignification
 t - 2 potions of degeneration
Books
 j - a book of Unlife

   Spells                             Type                      Level
   a - Recall                         Summoning/Translocation      3
   b - Animate Dead                   Necromancy                   4
   c - Control Undead                 Necromancy                   4
   d - Cigotuvi's Embrace             Necromancy                   5
   e - Death Channel                  Necromancy                   6
   f - Simulacrum                     Ice/Necromancy               6
 w - a book of Geomancy

   Spells                             Type                      Level
   a - Sandblast                      Earth                        1
   b - Passwall                       Transmutation/Earth          2
   c - Stone Arrow                    Conjuration/Earth            3
   d - Petrify                        Transmutation/Earth          4
   e - Lee's Rapid Deconstruction     Earth                        5
 x - a book of Callings

   Spells                             Type                      Level
   a - Summon Small Mammal            Summoning                    1
   b - Call Imp                       Summoning                    2
   c - Call Canine Familiar           Summoning                    3
   d - Summon Guardian Golem          Hexes/Summoning              3
   e - Summon Lightning Spire         Summoning/Air                4
   f - Summon Ice Beast               Ice/Summoning                4
Comestibles
 b - 4 bread rations
 g - 6 fruits
 k - 7 meat rations
 J - 2 royal jellies


   Skills:
 + Level 9.3(8.6) Fighting
 + Level 12.1(11.4) Axes
 + Level 0.5(0.0) Throwing
 * Level 8.8(8.2) Dodging
 * Level 7.1(6.5) Stealth
 * Level 8.9(8.3) Invocations


You had 11 spell levels left.
You didn't know any spells.

Dungeon Overview and Level Annotations

Branches:
Dungeon (11/15)            Temple (0/1) D:6            Lair (0/6) D:11
    Orc (0/2) D:10

Altars:
Dithmenos

Annotations:
D:3 Darkell's ghost, amateur TrMo


Innate Abilities, Weirdness & Mutations

You can spit globs of acid.
You are resistant to acid.
Your golden yellow scales are hard. (AC +8)
You cannot fit into any form of body armour.
You are cold-blooded and may be slowed by cold attacks.
Your large and strong wings let you fly indefinitely.
You have sharp toenails.
Your muscles are strong. (Str +2)


Message History

The centaur warrior is splashed with acid.
You feel somewhat more hungry.
The centaur warrior shoots an arrow.
The arrow hits you.
The centaur warrior shoots an arrow.
The arrow hits you!!
The centaur warrior shoots an arrow.
The arrow hits you!
* * * LOW HITPOINT WARNING * * *
The centaur warrior unwields an uncursed longbow.
The centaur warrior hits you!
* * * LOW HITPOINT WARNING * * *
You slice the centaur warrior!! You burn the centaur warrior.
The centaur warrior is almost dead.
The centaur warrior hits you but does no damage.
You hit the centaur warrior but do no damage.
The centaur warrior is almost dead.
The centaur warrior hits you but does no damage. x2
You hit the centaur warrior. You burn the centaur warrior.
The centaur warrior is almost dead.
The centaur warrior hits you!
* * * LOW HITPOINT WARNING * * *
The centaur warrior hits you!
You die...

#.# #### ####... #.####.... ......
#############......... ......
###.).........(......#######.....
...................###..<..#.....
..#######.[).((.(..#.......#.....
..'.....#.......(..'.......#.....
..#.....#.........##.......#.....
..#.....#.......@.#........#.....
..#.....#.......c.#........#.....
..'.....#.........##########.....
..'.....#..#'####................
=.#.....#..#....#................
..###'###..#....######.........##
...........#รทรท.......#.........#
.....>.....#.........######....#
...(.......#......... ....#....#


You could see a centaur warrior.

Vanquished Creatures
  Gastronok (D:11)
  Snorg (D:10)
  A hydra (D:11)
  A death knight (D:11)
  2 two-headed ogres
  Pikel (D:5)
  The ghost of vuolankoinen the Archer, a novice HuWn of Ashenzari (D:6)
  A cyclops (D:11)
  An elephant (D:11)
  A merfolk (D:10)
  5 polar bears (D:9)
  A troll (D:10)
  A raiju (Abyss:3)
  2 hippogriffs
  Sigmund (D:4)
  Eustachio (D:3)
  A vampire (D:11)
  2 wraiths (D:11)
  Grum (D:11)
  16 yaks
  A hungry ghost (D:10)
  4 orc warriors
  2 ice beasts
  A sky beast (D:11)
  2 black bears
  An eye of draining (D:11)
  A necrophage (D:10)
  2 ogres
  2 phantoms
  3 wolves (D:11)
  A centaur (D:10)
  2 crocodiles (D:11)
  Blork the orc (D:4)
  10 bullfrogs
  2 scorpions
  A water moccasin skeleton (D:5)
  5 killer bees (D:8)
  14 wights
  A howler monkey (D:6)
  5 jellies
  A bullfrog zombie (D:6)
  5 crimson imps
  5 hounds
  A bullfrog skeleton (D:9)
  4 orc priests
  3 centaur skeletons
  A gnoll shaman (D:9)
  2 iguanas
  5 worker ants
  7 orc wizards
  2 centaur simulacra (D:9)
  A hound zombie (D:6)
  5 hound skeletons
  12 gnolls
  9 adders
  A howler monkey skeleton (D:7)
  3 shadow imps
  3 white imps (D:9)
  2 oozes
  An adder zombie (D:5)
  3 adder skeletons
  5 worms
  5 dart slugs
  3 leopard geckos
  60 orcs
  A ball python (D:1)
  2 giant cockroaches
  6 goblins
  6 hobgoblins
  13 jackals
  4 quokkas
  13 bats
  2 frilled lizards
  5 kobolds
  A leopard gecko skeleton (D:4)
  4 rats
309 creatures vanquished.

Vanquished Creatures (others)
  A gargoyle (D:9)
  A troll (D:10)
  A wraith (D:11)
  A killer bee (D:8)
  2 electric eels (D:6)
  A quasit (D:6)
  An iguana (D:10)
  An adder simulacrum (D:9)
  A leopard gecko (D:7)
  A giant cockroach (D:7)
11 creatures vanquished.

Grand Total: 320 creatures vanquished

Notes
Turn   | Place    | Note
-------+----------+-------------------------------------------
     0 | Abyss:1  | Gargoyl the Draconian Abyssal Knight began the quest for the Orb.
     0 | Abyss:1  | Reached XP level 1. HP: 19/19 MP: 2/2
    68 | Abyss:1  | Noticed a freezing wraith
    69 | Abyss:2  | Found a corrupted altar of Lugonu.
   130 | Abyss:3  | Noticed a raiju
   132 | Abyss:3  | Killed a raiju
   132 | Abyss:3  | Reached skill level 5 in Fighting
   132 | Abyss:3  | Reached XP level 2. HP: 29/29 MP: 3/3
   132 | Abyss:3  | Reached XP level 3. HP: 36/36 MP: 4/4
   132 | Abyss:3  | Reached XP level 4. HP: 42/42 MP: 5/5
   132 | Abyss:3  | Reached XP level 5. HP: 48/48 MP: 6/6
   134 | Abyss:3  | Noticed a raiju
   134 | Abyss:3  | Noticed a raiju
   134 | D:1      | Escaped the Abyss
   556 | D:1      | Reached * piety under Lugonu
  1060 | D:2      | Reached skill level 3 in Axes
  1866 | D:2      | Reached ** piety under Lugonu
  2424 | D:3      | Reached XP level 6. HP: 46/56 MP: 7/7
  2816 | D:3      | Noticed Darkell's ghost (amateur TrMo)
  4046 | D:3      | Reached skill level 1 in Stealth
  4315 | D:4      | Noticed Eustachio
  4682 | D:4      | Noticed Sigmund
  4690 | D:4      | Gained mutation: Your spells are a little easier to cast, but a little less powerful. [potion of mutation]
  4690 | D:4      | Gained mutation: You have a pair of small horns on your head. [potion of mutation]
  4690 | D:4      | Gained mutation: You possess an exceptional clarity of mind. [potion of mutation]
  4704 | D:4      | Your scales start taking on a golden yellow colour.
  4704 | D:4      | Reached XP level 7. HP: 5/62 MP: 9/9
  4705 | D:4      | Killed Sigmund
  4705 | D:4      | Reached skill level 4 in Axes
  4837 | D:3      | Lost mutation: You possess an exceptional clarity of mind. [potion of mutation]
  4837 | D:3      | Lost mutation: You have a pair of small horns on your head. [potion of mutation]
  4837 | D:3      | Lost mutation: Your spells are a little easier to cast, but a little less powerful. [potion of mutation]
  4837 | D:3      | Gained mutation: Your spells are a little easier to cast, but a little less powerful. [potion of mutation]
  4837 | D:3      | Gained mutation: Your system is resistant to poisons. (rPois) [potion of mutation]
  4837 | D:3      | Gained mutation: Your large and strong wings let you fly indefinitely. [potion of mutation]
  5237 | D:3      | Killed Eustachio
  5237 | D:3      | Reached skill level 5 in Dodging
  5458 | D:4      | Noticed Blork the orc
  5466 | D:4      | Killed Blork the orc
  5487 | D:4      | Reached XP level 8. HP: 23/70 MP: 10/10
  5498 | D:4      | Reached skill level 5 in Axes
  5802 | D:4      | Found a shadowy altar of Dithmenos.
  6144 | D:5      | Entered Level 5 of the Dungeon
  6239 | D:5      | Reached *** piety under Lugonu
  6486 | D:5      | Noticed Pikel
  6489 | D:5      | Killed Pikel
  6489 | D:5      | Reached skill level 6 in Axes
  7050 | D:6      | Noticed vuolankoinen's ghost (novice HuWn)
  7068 | D:6      | Killed vuolankoinen's ghost
  7068 | D:6      | Reached skill level 7 in Axes
  7068 | D:6      | Reached XP level 9. HP: 49/78 MP: 12/12
  7455 | D:6      | Found a staircase to the Ecumenical Temple.
  7577 | D:6      | Reached skill level 5 in Invocations
  9347 | D:8      | Reached skill level 8 in Axes
 10767 | D:9      | Reached XP level 10. HP: 72/86 MP: 14/14
 10771 | D:9      | Reached **** piety under Lugonu
 11216 | D:9      | Reached skill level 9 in Axes
 11230 | D:9      | Reached skill level 5 in Stealth
 11232 | D:9      | HP: 4/88 [yak (16)]
 11905 | D:9      | Noticed a gargoyle
 11913 | D:9      | Banished a gargoyle
 11913 | D:9      | Reached skill level 10 in Axes
 12292 | D:10     | Entered Level 10 of the Dungeon
 12549 | D:10     | Found a staircase to the Orcish Mines.
 12585 | D:10     | Noticed a two-headed ogre
 12590 | D:10     | Reached XP level 11. HP: 58/94 MP: 16/16
 12591 | D:10     | Killed a two-headed ogre
 13285 | D:10     | Noticed Snorg
 13298 | D:10     | Killed Snorg
 13507 | D:10     | Reached skill level 11 in Axes
 13670 | D:10     | Reached ***** piety under Lugonu
 14012 | D:11     | Noticed Grum
 14020 | D:11     | Killed Grum
 14042 | D:11     | Lost mutation: Your spells are a little easier to cast, but a little less powerful. [potion of mutation]
 14042 | D:11     | Lost mutation: Your system is resistant to poisons. (rPois) [potion of mutation]
 14042 | D:11     | Gained mutation: You have sharp toenails. [potion of mutation]
 14042 | D:11     | Gained mutation: You occasionally shout uncontrollably at your foes. [potion of mutation]
 14042 | D:11     | Lost mutation: You occasionally shout uncontrollably at your foes. [potion of mutation]
 14042 | D:11     | Gained mutation: Your muscles are strong. (Str +2) [potion of mutation]
 14053 | D:11     | Noticed Gastronok
 14338 | D:11     | Killed Gastronok
 14646 | D:11     | Noticed a death knight
 14664 | D:11     | Killed a death knight
 14969 | D:11     | Noticed a two-headed ogre
 14979 | D:11     | Killed a two-headed ogre
 15186 | D:11     | Noticed a six-headed hydra
 15195 | D:11     | Killed a two-headed hydra
 15195 | D:11     | Reached XP level 12. HP: 20/104 MP: 18/18
 15519 | D:11     | Found a staircase to the Lair.
 15533 | D:11     | Reached skill level 12 in Axes
 16006 | D:11     | Noticed a centaur warrior
 16018 | D:11     | Slain by a centaur warrior

Skill      XL: |  1  2  3  4  5  6  7  8  9 10 11 12 |
---------------+-------------------------------------+-----
Fighting       | 5 6 7 8 9 |  9.3
Dodging        | 3 4 5 6 7 8 |  8.8
Axes           | 3 4 7 8 10 11 12 | 12.1
Stealth        | 1 2 3 4 5 7 |  7.1
Invocations    | 3 4 6 7 8 |  8.9
Throwing       | |  0.5

Action                   |  1- 3 |  4- 6 |  7- 9 | 10-12 || total
-------------------------+-------+-------+-------+-------++-------
Melee: Hand axe          |       |   303 |    34 |       ||   337
       Tailslap          |       |    33 |    27 |    50 ||   110
       Headbutt          |       |     4 |       |       ||     4
       Battleaxe         |       |       |   235 |   339 ||   574
Throw: Tomahawk          |       |       |       |     7 ||     7
Invok: Depart the Abyss  |       |     1 |       |       ||     1
       Banish            |       |       |     4 |     6 ||    10
 Abil: Breathe Acid      |       |       |    15 |    17 ||    32
       Fly               |       |       |       |     1 ||     1
Evoke: Wand              |     2 |     1 |       |       ||     3
  Use: Scroll            |     1 |     8 |    13 |    12 ||    34
       Potion            |       |     7 |     3 |     8 ||    18
 Stab: Sleeping          |       |     1 |     3 |     6 ||    10
  Eat: Chunk             |       |     6 |    14 |    23 ||    43
       Fruit             |       |     2 |       |       ||     2
       Bread ration      |       |     1 |     1 |       ||     2
       Royal jelly       |       |       |     2 |       ||     2
Armor: Skin              |       |   109 |   122 |   150 ||   381
Dodge: Dodged            |       |   281 |   318 |   396 ||   995
